 Dungeon Crawl Stone Soup version 0.31-a0-675-g238779eb0a (webtiles) character file.

Game seed: 852507260443258261

7 Xavori the Trooper (level 2, -1/21 HPs)
             Began as an Octopode Chaos Knight on Sept 5, 2023.
             Was a Plaything of Xom.
             Slain by a ball python (2 damage)
             ... on level 1 of the Dungeon.
             The game lasted 00:00:10 (117 turns).

Xavori the Trooper (Octopode Chaos Knight)           Turns: 117, Time: 00:00:11

Health: -1/21      AC:  1    Str: 11    XL:     2   Next: 4%
Magic:  2/2        EV: 10    Int: 14    God:    Xom [..*...]
Gold:   20         SH:  0    Dex: 11    Spells: 1/1 levels left

rFire   . . .        a - +0 short sword (chaos)
rCold   . . .        (no shield)
rNeg    . . .        (helmet restricted)
rPois   .            (no amulet)
rElec   .            (no ring)
rCorr   .            (no ring)
SInv    .            (no ring)
Will    .....        (no ring)
Stlth   ++           (no ring)
HPRegen 0.23/turn    (no ring)
MPRegen 0.08/turn    (no ring)
                     (no ring)

%: no passive effects
@: constricted
A: almost no armour, amphibious, 8 rings, camouflage 1, gelatinous body 1,
(nimble swimmer 1), tentacles
a: Renounce Religion


You were on level 1 of the Dungeon.
You worshipped Xom.
You were a toy of Xom.
You visited 1 branch of the dungeon, and saw 1 of its levels.

You collected 20 gold pieces.

Inventory:

Hand Weapons
 a - a +0 short sword of chaos (weapon)
Scrolls
 b - a scroll of butterflies
 c - a scroll of summoning {unknown}


   Skills:
 + Level 3.2 Fighting
 + Level 3.2 Short Blades
 + Level 2.4 Dodging


You had one spell level left.
You didn't know any spells.
Your spell library was empty.

Dungeon Overview and Level Annotations

Branches:
Dungeon (1/15)

Altars:
Okawaru


Innate Abilities, Weirdness & Mutations

You cannot wear most types of armour.
You are amphibious.
You can wear up to eight rings at the same time.
Your skin changes colour to match your surroundings (Stealth+).
Your rubbery body absorbs attacks. (AC +1, EV +1)
((You are camouflaged when in or above water. (Stealth+)))
You have tentacles for arms and can constrict up to eight enemies at once.


Message History

You hit the hobgoblin. You grab the hobgoblin.
The hobgoblin is severely wounded.
You constrict the hobgoblin. The rat barely misses you. The hobgoblin hits you.
There are monsters nearby!
You hit the hobgoblin but do no damage.
The hobgoblin goes berserk!
The hobgoblin is severely wounded.
You constrict the hobgoblin. The hobgoblin hits you. The rat bites you.
* * * LOW HITPOINT WARNING * * *
You are too injured to fight recklessly!
There are monsters nearby!
You are too injured to fight recklessly!
You are too injured to fight recklessly!
Unknown command.
You are too injured to fight recklessly!
Unknown command.
You are too injured to fight recklessly!
You hit the hobgoblin but do no damage. You squeeze the hobgoblin.
You kill the hobgoblin!
The ball python bites you.
* * * LOW HITPOINT WARNING * * *
The ball python grabs you. The ball python constricts you.
The rat closely misses you.
You have reached level 2!
You barely miss the rat. You grab the rat. You constrict the rat.
The ball python barely misses you. The ball python constricts you.
The rat bites you.
* * * LOW HITPOINT WARNING * * *
The ball python barely misses you. The ball python constricts you.
* * * LOW HITPOINT WARNING * * *
Unknown command.
You completely miss the rat.
The rat is severely wounded.
You constrict the rat.
You kill the rat!
The ball python bites you.
* * * LOW HITPOINT WARNING * * *
The ball python constricts you.
You closely miss the ball python. Your grab misses the ball python.
The ball python bites you.
You die...

# ##.#.#..#
##.##.#.#..####. ...
#.#......... .# #
#.+.#########! #
###..######.. ## #
##........# .. ###
###.#####..###.# ..#
#....(.##.##S..##
..####.#.##.#..)@†⌠.(#
)....>.#.##....#)†_⌠.#
..######.......#..⌠.....
..# #.####.###...##..
### #.# #... .### # #.#
###.... #.# ###.. #.# ..
#.#


You could see a ball python.

Vanquished Creatures
  3 goblins (D:1)
  A hobgoblin (D:1)
  A kobold (D:1)
  A rat (D:1)
6 creatures vanquished.

Notes
Turn   | Place    | Note
-------+----------+-------------------------------------------
     0 | D:1      | Xavori the Octopode Chaos Knight began the quest for the
                  | Orb.
     0 | D:1      | Reached XP level 1. HP: 16/16 MP: 1/1
   109 | D:1      | Found an iron altar of Okawaru.
   115 | D:1      | Reached XP level 2. HP: 3/21 MP: 2/2
   116 | D:1      | HP: 1/21 [ball python (1)]
   117 | D:1      | Slain by a ball python

Illustrated notes

Levels and vault maps discovered:
D:1:      minmay_arrival_three_doors, layout_loops_cross,
          minmay_misc_feat_encased, minmay_hexomino_r4

Action                     || total
---------------------------++-------
  Melee: Short sword       ||    12
         Tentacles         ||     3
         Constrict         ||     3
 Armour: Skin              ||     9
  Dodge: Dodged            ||     6

Table legend: (Time is in decaauts)
 A = Elapsed time spent in this place.
 B = Non-inter-level travel time spent in this place.
 C = Inter-level travel time spent in this place.
 D = Time resting spent in this place.
 E = Time spent auto-exploring this place.
 F = Levels seen in this place.
 G = Mean time per level.
                   A        B        C        D        E       F      G
               +--------+--------+--------+--------+--------+-----+--------+
         Total |    115 |    115 |      0 |      0 |     84 |   1 |  115.0 |
       Dungeon |    115 |    115 |      0 |      0 |     84 |   1 |  115.0 |
               +--------+--------+--------+--------+--------+-----+--------+

Top non-repeatable levels by time:
     D:1: 115 daAuts
